 Dungeon Crawl Stone Soup version 0.19-a0-1201-gda63bca (webtiles) character file.

2016 epen the Martial Artist (level 9, -11/70 (72) HPs)
             Began as a Merfolk Monk on Aug 20, 2016.
             Mangled by an ogre
             ... wielding a +0 giant spiked club
              (24 damage)
             ... on level 7 of the Dungeon.
             The game lasted 00:08:11 (6445 turns).

epen the Martial Artist (Merfolk Monk)              Turns: 6445, Time: 00:08:11

HP:   -11/70 (72)   AC: 10    Str: 14    XL:     9   Next: 22%
MP:   17/17         EV: 18    Int: 10    God:
Gold: 284           SH:  0    Dex: 18    Spells: 0 memorised, 8 levels left

rFire  . . .     SeeInvis .     j - +3 short sword (protect)
rCold  . . .     Gourm    .     a - +0 robe
rNeg   . . .     Faith    .     (no shield)
rPois  .         Spirit   .     (helmet restricted)
rElec  .         Dismiss  .     (no cloak)
rCorr  .         Reflect  .     e - +1 pair of gloves
MR     .....     Harm     .     p - +0 pair of boots
Stlth  ++........               (no amulet)
                                u - ring of wizardry
                                o - ring of magical power

@: no status effects
A: change form in water, swift swim, horns 1, low mp 1, strong 1, MP-powered
wands
a: no special abilities


You were on level 7 of the Dungeon.
You were hungry.

You visited 2 branches of the dungeon, and saw 8 of its levels.

You collected 284 gold pieces.

Inventory:

Hand Weapons
 j - a +3 short sword of protection (weapon)
Armour
 a - a +0 robe (worn)
 e - a +1 pair of gloves (worn)
 p - a +0 pair of boots (worn)
Jewellery
 o - a ring of magical power (left hand)
 u - a ring of wizardry (right hand)
Wands
 h - a wand of flame (37/48)
 i - a wand of polymorph (14/24)
Scrolls
 d - a scroll of enchant armour
 f - 6 scrolls of identify
 g - 2 scrolls of recharging
 q - a scroll of immolation
 r - a scroll of amnesia
 w - 2 scrolls of teleportation
 y - a scroll of random uselessness
Potions
 c - a potion of degeneration {unknown}
 k - 2 potions of berserk rage
 m - 2 potions of mutation {unknown}
 v - 2 potions of curing {unknown}
 z - a potion of ambrosia {unknown}
 A - 2 potions of haste {unknown}
Books
 s - a book of the Warp

   Spells                             Type                      Level
   a - Gell's Gravitas                Hexes/Translocation          3
   b - Force Lance                    Conjuration/Translocation    4
   c - Summon Forest                  Summoning/Translocation      5
   d - Dispersal                      Translocation                6
   e - Controlled Blink               Translocation                8
   f - Disjunction                    Translocation                8
Comestibles
 b - 5 bread rations


   Skills:
 + Level 7.4 Fighting
 + Level 8.2 Dodging
 - Level 2.1 Stealth
 * Level 9.9 Unarmed Combat


You had 8 spell levels left.
You didn't know any spells.

Dungeon Overview and Level Annotations

Branches:
Dungeon (7/15)             Temple (1/1) D:6

Altars:
Ashenzari
Dithmenos
Fedhas
Gozag
Hepliaklqana
Kikubaaqudgha
Nemelex Xobeh
Okawaru
Qazlal
Ru
Trog
Uskayaw
Vehumet
Xom
Yredelemnul
Zin
The Shining One


Innate Abilities, Weirdness & Mutations

You revert to your normal form in water.
You are very nimble and swift while swimming.
You have a pair of small horns on your head.
Your magical capacity is low. (-10% MP)
Your muscles are strong. (Str +2)
You expend magic power (3 MP) to strengthen your wands.


Message History

The ogre is lightly wounded.
The ogre hits you with a giant spiked club!!
You barely miss the ogre. Your headbutt misses the ogre. You punch the ogre.
The ogre is heavily wounded.
You hit the ogre.
You headbutt the ogre, but do no damage.
The ogre is heavily wounded.
The ogre barely misses you.
You hit the ogre. You headbutt the ogre.
The ogre is almost dead.
The ogre hits you with a giant spiked club!!
* * * LOW HITPOINT WARNING * * *
You hear a shout! x2
You are too injured to fight recklessly!
You are too injured to fight recklessly!
You are too injured to fight recklessly!
You hit the ogre.
The ogre is almost dead.
The ogre hits you with a giant spiked club!!
You die...

#...>...# **,,,* ******
#.......# *,,,,***,,,,,
#.......# *****+*,**,,****
#.......### *,,*,,*,,,,**
#......(..# *,,*,,*,****
#.......#.###,,',,***
#.......#...#,,*,,*
#.......###O#,,*,,*
#####.#####@###****
#.,,*#....####
##*,*#.##....#### *****
*******,*#.*####....## *,,,*
*,,,,,,,...########..###..,*
*,,,,,,,...................,
*,,,,,,,....#.....##.#.....*
*,,,,,,...........##.......*
*********#.#............>..,


You could see an ogre.

Vanquished Creatures
  Sigmund (D:5)
  2 phantoms (D:6)
  A necrophage (D:4)
  2 sky beasts
  4 ogres
  3 giant frogs
  A water moccasin skeleton (D:5)
  3 howler monkeys
  3 crimson imps
  3 hounds
  An orc priest (D:5)
  An orc wizard (D:5)
  A giant frog skeleton (D:5)
  2 iguanas
  5 worker ants
  A howler monkey zombie (D:5)
  A worker ant zombie (D:6)
  11 adders
  2 shadow imps
  3 oozes
  An adder skeleton (D:3)
  4 worms
  A dart slug (D:1)
  3 giant geckos
  17 orcs
  A ball python (D:3)
  4 giant cockroaches
  5 goblins
  5 hobgoblins
  6 jackals (D:3)
  4 quokkas
  4 bats
  3 giant newts
  12 kobolds
  2 quokka skeletons
  5 rats
128 creatures vanquished.

Notes
Turn   | Place    | Note
-------+----------+-------------------------------------------
     0 | D:1      | epen the Merfolk Monk began the quest for the Orb.
     0 | D:1      | Reached XP level 1. HP: 18/18 MP: 1/1
   211 | D:1      | Reached XP level 2. HP: 14/24 MP: 2/2
   609 | D:1      | Reached skill level 4 in Unarmed Combat
   837 | D:1      | Reached XP level 3. HP: 29/29 MP: 3/3
  1384 | D:2      | Reached XP level 4. HP: 36/37 MP: 4/4
  2119 | D:3      | Reached skill level 5 in Unarmed Combat
  2119 | D:3      | Reached XP level 5. HP: 37/42 MP: 5/5
  2683 | D:4      | Reached skill level 5 in Dodging
  2911 | D:4      | Noticed a necrophage
  2935 | D:4      | Killed a necrophage
  2935 | D:4      | Reached XP level 6. HP: 38/48 MP: 6/6
  3148 | D:4      | Found a radiant altar of Vehumet.
  3164 | D:4      | Reached skill level 6 in Unarmed Combat
  3175 | D:4      | Reached skill level 5 in Fighting
  3582 | D:4      | Found a sacrificial altar of Ru.
  3592 | D:4      | Reached XP level 7. HP: 54/54 MP: 7/7
  3694 | D:5      | Entered Level 5 of the Dungeon
  3801 | D:5      | Reached skill level 7 in Unarmed Combat
  3912 | D:5      | Gained mutation: You are frail. (-10% HP) [mutagenic meat]
  3915 | D:5      | Gained mutation: Your muscles are strong. (Str +2) [mutagenic meat]
  3918 | D:5      | Gained mutation: You have a pair of small horns on your head. [mutagenic meat]
  3921 | D:5      | Gained mutation: Your magical capacity is low. (-10% MP) [mutagenic meat]
  3924 | D:5      | Gained mutation: Scrolls take you a little longer to read. [mutagenic meat]
  3991 | D:5      | Reached XP level 8. HP: 18/55 MP: 7/7
  4269 | D:5      | Noticed Sigmund
  4386 | D:5      | Killed Sigmund
  4386 | D:5      | Reached skill level 8 in Unarmed Combat
  5003 | D:6      | Reached skill level 9 in Unarmed Combat
  5188 | D:6      | Lost mutation: You are frail. (-10% HP) [mutagenic meat]
  5191 | D:6      | Lost mutation: Scrolls take you a little longer to read. [mutagenic meat]
  5197 | D:6      | Gained mutation: You expend magic power (3 MP) to strengthen your wands. [mutagenic meat]
  5397 | D:6      | Found a staircase to the Ecumenical Temple.
  5499 | Temple   | Entered the Ecumenical Temple
  5788 | D:6      | Reached XP level 9. HP: 68/70 MP: 8/8
  6445 | D:7      | Mangled by an ogre

Vault maps used:
D:1:      minmay_arrival_arboretum_large, minivault_5
D:2:      kennysheep_six_static_rooms
D:4:      vehumet_altar_wand_db, kennysheep_little_box
D:5:      first_bread, uniq_sigmund
D:7:      grunt_livestock
Temple:   regret_index_temple_generic_petals

Skill      XL: |  1  2  3  4  5  6  7  8  9 |
---------------+----------------------------+-----
Unarmed Combat | 4 5 6 7 9 |  9.9
Fighting       | 4 5 7 |  7.4
Dodging        | 5 6 7 8 |  8.2
Stealth        | |  2.1

Action                   |  1- 3 |  4- 6 |  7- 9 || total
-------------------------+-------+-------+-------++-------
Melee: Unarmed           |   108 |    13 |     7 ||   128
       Punch             |     3 |     4 |    20 ||    27
       Short sword       |       |   215 |   331 ||   546
       Headbutt          |       |       |    82 ||    82
  Use: Scroll            |       |       |    11 ||    11
 Stab: Sleeping          |     8 |     4 |     6 ||    18
  Eat: Chunk             |     1 |     4 |    20 ||    25
       Pizza             |       |     1 |       ||     1
       Beef jerky        |       |     1 |       ||     1
Armor: Robe              |    11 |    82 |    74 ||   167
Dodge: Dodged            |    80 |   228 |   258 ||   566
